 Dungeon Crawl Stone Soup version 0.23-a0-837-ga3e6480 (console) character file.

58 bli the Poker (level 4, -4/35 HPs)
             Began as a Formicid Abyssal Knight on Jan 24, 2019.
             Was a Follower of Lugonu.
             Shot with an arrow by a centaur (7 damage)
             ... on level 2 of the Dungeon.
             The game lasted 00:03:45 (1501 turns).

bli the Poker (Formicid Abyssal Knight)             Turns: 1501, Time: 00:03:46

Health: -4/35      AC:  3    Str: 17    XL:     4   Next: 20%
Magic:  5/5        EV: 11    Int: 11    God:    Lugonu [*.....]
Gold:   50         SH:  0    Dex: 11    Spells: 3/3 levels left

rFire    . . .     SeeInvis +   a - +1 spear
rCold    . . .     Gourm    .   (no shield)
rNeg     . . .     Faith    .   b - +0 leather armour
rPois    .         Spirit   .   (helmet unavailable)
rElec    .         Reflect  .   (no cloak)
rCorr    .         Harm     .   (no gloves)
MR       .....                  (no boots)
Stlth    +.........             (no amulet)
HPRegen  0.11/turn              (no ring)
MPRegen  0.09/turn              (no ring)

@: no status effects
A: permanent stasis, dig shafts and tunnels, four strong arms, antennae 3
a: Dig, Shaft Self, Depart the Abyss, Renounce Religion


You were on level 2 of the Dungeon.
You worshipped Lugonu.
Lugonu was aware of your devotion.
You were not hungry.

You visited 1 branch of the dungeon, and saw 2 of its levels.
You visited the Abyss 1 time.

You collected 50 gold pieces.

Inventory:

Hand Weapons
 a - a +1 spear (weapon)
Missiles
 e - 26 stones (quivered)
 f - 9 poisoned needles
 i - 7 needles of confusion
Armour
 b - a +0 leather armour (worn)
Scrolls
 d - 2 scrolls of remove curse {unknown}
 g - a scroll of identify {unknown}
 j - a scroll of random uselessness {unknown}
Potions
 h - a potion of brilliance {unknown}
 l - a potion of heal wounds {unknown}
Comestibles
 c - 2 rations
 k - 6 chunks of flesh


   Skills:
 + Level 3.2 Fighting
 * Level 4.1 Polearms
 + Level 2.1 Armour
 + Level 0.8 Dodging
 + Level 2.1 Invocations


You had 3 spell levels left.
You didn't know any spells.
Your spell library was empty.

Dungeon Overview and Level Annotations

Branches:
Dungeon (2/15)

Altars:


Innate Abilities, Weirdness & Mutations

You cannot be hasted, slowed, berserked, paralysed or teleported.
You can dig through walls and to a lower floor.
Your four strong arms can wield two-handed weapons with a shield.
You have a pair of large antennae on your head. (SInv)


Message History

Lugonu accepts your kill.
You see here a ball python skeleton.
e - 25 stones (gained 1)
You see here a frilled lizard corpse.
You butcher the frilled lizard corpse.
k - 6 chunks of flesh (gained 1)
You see here a frilled lizard skeleton.
Things that are here:
a +0 club; a gnoll skeleton
e - 26 stones (gained 1)
A centaur comes into view. It is wielding a +0 whip.
The centaur unwields a +0 whip.
The centaur wields a +0 shortbow.
The centaur shoots an arrow.
The arrow hits you!
* * * LOW HITPOINT WARNING * * *
You see here an arrow.
Things that are here:
a +0 club; a gnoll skeleton You see here a frilled lizard skeleton.
You see here a ball python skeleton.
The centaur shoots an arrow.
The arrow hits you!
You die...

# .... #.
.((..
#.#####(..(..
#....('....(.
###c###......
#÷# ..... #÷#
.... #.# ###
#.# #.# #@#
#.# #.#
#)############
#.....)....)<#
##############


You could see a centaur.

Vanquished Creatures
  4 gnolls (D:2)
  A dart slug (D:1)
  A giant cockroach (D:1)
  A goblin (D:1)
  A hobgoblin (D:1)
  3 kobolds (D:1)
  A ball python (D:2)
  3 bats (D:1)
  2 frilled lizards
  4 rats (D:1)
21 creatures vanquished.

Notes
Turn   | Place    | Note
-------+----------+-------------------------------------------
     0 | Abyss:1  | bli the Formicid Abyssal Knight began the quest for the
                  | Orb.
     0 | Abyss:1  | Reached XP level 1. HP: 18/18 MP: 2/2
    66 | Abyss:1  | Noticed an orange demon
    81 | D:1      | Escaped the Abyss
   208 | D:1      | Reached XP level 2. HP: 17/24 MP: 3/3
   211 | D:1      | Reached * piety under Lugonu
   645 | D:1      | Reached skill level 3 in Polearms
  1092 | D:2      | Reached XP level 3. HP: 24/29 MP: 4/4
  1441 | D:2      | Reached skill level 4 in Polearms
  1441 | D:2      | Reached XP level 4. HP: 9/35 MP: 5/5
  1493 | D:2      | Noticed a centaur
  1501 | D:2      | Shot with an arrow by a centaur

Vault maps used:
D:1:      lightli_arrival_maybe_door_vault, nrook_uturn
D:2:      nicolae_overflow_quartered_altars, lemuel_coloured_pillars_altar
Abyss:1:  bh_silent_lugonu_exit

Skill      XL: |  1  2  3 |
---------------+----------+-----
Polearms       | 3 4 |  4.1
Fighting       | |  3.2
Armour         | |  2.1
Dodging        | |  0.8
Invocations    | |  2.1

Action                   |  1- 3 |  4- 6 || total
-------------------------+-------+-------++-------
Melee: Spear             |    75 |       ||    75
Throw: Stone             |     7 |     5 ||    12
Invok: Depart the Abyss  |     1 |       ||     1
 Abil: Dig               |     1 |       ||     1
  Eat: Chunk             |     2 |       ||     2
Armor: Leather armour    |     9 |       ||     9
Dodge: Dodged            |    22 |       ||    22

Table legend:
 A = Non-vault XP
 B = Vault XP
 C = Vault XP percentage of total XP
 D = Non-vault monster count
 E = Vault monster count
 F = Vault count percentage of total count
                 A         B        C        D         E       F
            +---------+---------+-------+---------+---------+-------
      Total |      83 |       0 |   0.0 |      21 |       0 |   0.0
            +---------+---------+-------+---------+---------+-------
        D:1 |      23 |       0 |   0.0 |      15 |       0 |   0.0
        D:2 |      60 |       0 |   0.0 |       6 |       0 |   0.0
            +---------+---------+-------+---------+---------+-------
